 Dungeon Crawl Stone Soup version 0.17-a0-1447-g3d113ad (webtiles) character file.

47 urechis the Chiller (level 3, -2/24 HPs)
             Began as a Merfolk Ice Elementalist on June 29, 2015.
             Slain by an adder (3 damage)
             ... on level 2 of the Dungeon.
             The game lasted 00:04:10 (1758 turns).

urechis the Chiller (Merfolk Ice Elementalist)      Turns: 1758, Time: 00:04:10

Health: -2/24      AC:  3    Str:  8    XL:     3   Next: 70%
Magic:  2/6        EV: 12    Int: 14    God:
Gold:   27         SH:  0    Dex: 15    Spells: 1 memorised, 5 levels left

rFire  . . .     SeeInvis .     e - +0 short sword
rCold  . . .     Clarity  .     h - +0 leather armour
rNeg   . . .     SustAt   .     (no shield)
rPois  .         Gourm    .     (no helmet)
rElec  .         Spirit   .     (no cloak)
rCorr  .         Warding  .     (no gloves)
rMut   .         Rnd*Tele +     (no boots)
MR     .....                    (no amulet)
Stlth  ++........               (no ring)
                                a - ring of teleportation (curse)

@: lethally poisoned (-2 -> -4), very slightly contaminated, not resistant to
hostile enchantments, unstealthy
A: change form in water, swift swim
a: Evoke Teleportation


You were on level 2 of the Dungeon.
You were not hungry.

You visited 1 branch of the dungeon, and saw 2 of its levels.

You collected 27 gold pieces.

Inventory:

Hand weapons
 e - a +0 short sword (weapon)
Armour
 h - a +0 leather armour (worn)
Jewellery
 a - a cursed ring of teleportation (left hand)
Scrolls
 g - a scroll of teleportation {unknown}
 j - a scroll of remove curse {unknown}
Potions
 d - a potion of brilliance {unknown}
 f - a potion of curing {unknown}
Books
 b - a book of Frost

   Spells                             Type                      Level
   a - Freeze                         Ice                          1
   b - Throw Frost                    Conjuration/Ice              2
   c - Ozocubu's Armour               Charms/Ice                   3
   d - Throw Icicle                   Conjuration/Ice              4
   e - Summon Ice Beast               Ice/Summoning                4
   f - Condensation Shield            Ice                          4
Comestibles
 c - a bread ration
 i - a chunk of flesh


   Skills:
 - Level 2.6 Dodging
 - Level 2.1 Stealth
 - Level 2.0 Spellcasting
   Level 0.7 Conjurations
 + Level 5.0 Ice Magic


You had 5 spell levels left.
You knew the following spells:

 Your Spells              Type           Power        Failure   Level  Hunger
a - Freeze                Ice            ###.         4%          1    ##.....


Dungeon Overview and Level Annotations

Branches:
Dungeon (2/15)

Altars:

Annotations:
D:2 Sigmund


Message History

Aim: an adder You miscast Freeze.
You are very lightly contaminated with residual magic.
Frost spreads across the the floor.
You feel sick.
Sigmund points at you and mumbles some strange words.
The magic dart hits you!
* * * LOW HITPOINT WARNING * * *
The adder closely misses you.
Casting: Freeze
Confirm with . or Enter, or press ? or * to list all spells.
Aiming: Freeze
Press: ? - help, Shift-Dir - straight line, f/p - adder
Aim: an adder You miscast Freeze.
Nothing appears to happen.
Sigmund points at you and mumbles some strange words.
The magic dart hits you!
* * * LOW HITPOINT WARNING * * *
The adder bites you but does no damage. The adder bites you.
You die...

#. ###. ...#####
)..... ##...#
#....## #...S.###
#..@....####
#.....##....##
#.###..>).#@.#######
#. #####...........
#. ####...#.#### #
#............
#...###........ ...#
#........ ..
###.......


You could see Sigmund and an adder.

Vanquished Creatures
  An adder (D:2)
  An ooze (D:1)
  9 bats
  4 goblins
  4 hobgoblins
  5 kobolds (D:1)
  A giant newt (D:1)
  4 jackals
  3 rats (D:1)
32 creatures vanquished.

Notes
Turn   | Place    | Note
--------------------------------------------------------------
     0 | D:1      | urechis the Merfolk Ice Elementalist began the quest for the Orb.
     0 | D:1      | Reached XP level 1. HP: 13/13 MP: 3/3
   496 | D:1      | Reached XP level 2. HP: 19/19 MP: 3/5
   525 | D:1      | Reached skill level 4 in Ice Magic
   969 | D:1      | Reached XP level 3. HP: 17/24 MP: 6/6
  1691 | D:2      | Found a faded altar to an unknown god.
  1707 | D:2      | Noticed Sigmund
  1750 | D:2      | Reached skill level 5 in Ice Magic
  1757 | D:2      | HP: 1/24 [Sigmund/magic dart (5)]
  1758 | D:2      | Slain by an adder

Vault maps used:
D:1:      dpeg_arrival_water_temple_mockup, serial_forest,
          infiniplex_forest_zigzag_1, infiniplex_forest_zigzag_2,
          infiniplex_forest_fountain, infiniplex_forest_straight_2,
          infiniplex_forest_clump_long, infiniplex_forest_lined_room_2,
          infiniplex_forest_straight_3, amethyst_killhole, nrook_mini_vaults
D:2:      nicolae_ru_path_of_blood, makhleb_grotto_becter, ecumenical_altar_1,
          uniq_sigmund

Action                   || total
-------------------------++-------
Melee: Dagger            ||    11
       Short sword       ||    71
 Cast: Freeze            ||    15
 Stab: Sleeping          ||     6
       Distracted        ||     1
  Eat: Chunk             ||     3
